 Dungeon Crawl Stone Soup version 0.32-a0-975-g85d4e5bfdb (webtiles) character file.

Game seed: 11292350038044606736

1229 funkygono the Magician (level 8, -1/41 HPs)
             Began as a Gargoyle Fire Elementalist on Apr 19, 2024.
             Was an Initiate of Vehumet.
             Slain by Pikel
             ... wielding a +0 whip of flaming
              (6 damage)
             ... on level 5 of the Dungeon.
             The game lasted 00:11:13 (5403 turns).

funkygono the Magician (Gargoyle Fire Elementalist) Turns: 5403, Time: 00:11:13

Health: -1/41      AC:  9    Str: 13    XL:     8   Next: 48%
Magic:  8/18       EV: 11    Int: 17    God:    Vehumet [......]
Gold:   301        SH:  0    Dex: 10    Spells: 13/20 levels left

rFire   . . .        o - +2 mace (drain)
rCold   . . .        (no shield)
rNeg    + . .        h - +0 robe {Will+}
rPois   ∞            q - +1 helmet
rElec   +            (no cloak)
rCorr   .            (no gloves)
SInv    .            (no boots)
Will    ++...        n - amulet of magic regeneration
Stlth   ++           e - ring of willpower
HPRegen 0.26/turn    (no ring)
MPRegen 0.56/turn

%: no passive effects
@: no status effects
A: sickness immunity, AC +5, negative energy resistance 1, electricity
resistance, torment resistance 1, petrification resistance
a: Renounce Religion


You were on level 5 of the Dungeon.
You worshipped Vehumet.
Vehumet was noncommittal.
You visited 2 branches of the dungeon, and saw 7 of its levels.

You collected 301 gold pieces.

Inventory:

Hand Weapons
 b - a +0 whip
 o - a +2 mace of draining (weapon)
Armour
 h - a +0 robe of willpower (worn)
 p - a +1 leather armour of poison resistance
 q - a +1 helmet (worn)
Jewellery
 e - a ring of willpower (left hand)
 k - an amulet of reflection
 n - an amulet of magic regeneration (around neck)
Wands
 g - a wand of iceblast (9)
 s - a wand of flame (45)
Scrolls
 d - 3 scrolls of teleportation
 w - a scroll of fog
Potions
 a - 3 potions of attraction {unknown}
 c - 2 potions of heal wounds
 i - 2 potions of brilliance
 j - a potion of haste {unknown}
 l - a potion of degeneration {unknown}
 m - 2 potions of curing {unknown}
 r - a potion of magic
 t - a potion of might {unknown}
 u - a potion of cancellation {unknown}


   Skills:
 + Level 0.2 Fighting
 + Level 0.2 Maces & Flails
 + Level 2.1 Dodging
 - Level 2.8 Stealth
 + Level 0.1 Shields
 + Level 6.8 Spellcasting
 + Level 3.6 Conjurations
 + Level 6.2 Fire Magic


You had 13 spell levels left.
You knew the following spells:

 Your Spells              Type           Power      Damage    Failure   Level
a - Foxfire               Conj/Fire      88%        2x1d8     1%          1
b - Scorch                Fire           52%        2d7       1%          2
c - Flame Wave            Conj/Fire      22%        2d8       16%         4

Your spell library contained the following spells:

 Spells                   Type           Power      Damage    Failure   Level
 Kiss of Death            Conj/Necr      48%        2d9       5%          1
 Inner Flame              Hex/Fire       16%        N/A       10%         3
 Volatile Blastmotes      Fire/Tloc      32%        2d12      10%         3
 Confusing Touch          Hex            5%         N/A       34%         3
 Dispel Undead            Necr           5%         3d7       75%         4
 Petrify                  Alch/Erth      5%         N/A       75%         4
 Irradiate                Conj/Alch      6%         3d13      83%         5
 Fulsome Fusillade        Conj/Alch      6%         (3-5)d5   100%        8
 Chain Lightning          Conj/Air       6%         3d8       100%        9
 Fire Storm               Conj/Fire      11%        8d3       100%        9
 Shatter                  Erth           2%         3d6*      100%        9


Dungeon Overview and Level Annotations

Branches:
Dungeon (6/15)             Temple (1/1) D:5

Altars:
Ashenzari
Cheibriados
Dithmenos
Elyvilon
Fedhas
Gozag
Hepliaklqana
Kikubaaqudgha
Okawaru
Qazlal
Ru
Sif Muna
Trog
Vehumet
Xom
Yredelemnul
The Shining One

Annotations:
D:5 3 runed translucent doors, BlackSun's ghost, amateur HuAr; Pikel


Innate Abilities, Weirdness & Mutations

You are immune to sickness and miasma.
Your stone body is resilient. (AC +5)
You are immune to poison.
You resist negative energy. (rN+)
You are resistant to electric shocks. (rElec)
You are resistant to unholy torment.
You are immune to petrification.


Message History

The lemure is lightly wounded.
The lemure's fire resistance burns away.
Pikel is no longer more vulnerable to fire.
Pikel hits you but does no damage. The lemure barely misses you.
Casting: Scorch (safe; 1% risk of failure)
Confirm with . or Enter, or press ? or * to list all spells.
Flames lash Pikel.
Pikel is severely wounded.
Pikel's fire resistance burns away.
Pikel barely misses you. The lemure closely misses you.
Unknown command.
Pikel says, "Hell isn't that bad."
Pikel hits you with a +0 whip of flaming!
Pikel burns you.
* * * LOW HITPOINT WARNING * * *
The lemure hits you.
* * * LOW HITPOINT WARNING * * *
The lemure is no longer more vulnerable to fire.
There is an open door here.
Pikel is no longer more vulnerable to fire.
There is a stone staircase leading up here.
Pikel hits you with a +0 whip of flaming.
* * * LOW HITPOINT WARNING * * *
Pikel burns you.
* * * LOW HITPOINT WARNING * * *
You climb upwards.
Level annotation: 3 runed translucent doors, BlackSun's ghost, amateur HuAr
There is a stone staircase leading down here.
Casting: Scorch (safe; 1% risk of failure)
Confirm with . or Enter, or press ? or * to list all spells.
You conjure some foxfire!
Pikel hits you but does no damage.
You closely miss Pikel.
Pikel is severely wounded.
The foxfire hits Pikel but does no damage.
Pikel is severely wounded.
The foxfire hits Pikel.
Pikel is severely wounded.
Pikel hits you with a +0 whip of flaming.
You die...
Pikel says, "See you in Hell!"

#.....#...#......#
#.....#...#......#
#.....#...#......#
#.....'...#......#
#.....#...#......#
########.##...#......#
.......#.##...#......#
.......#......#K.....#
.......#......#.@....#
.......'......#§.....#
.......##.....#......#
##......#.....#......#
##......#.....#......#
.#......#.....#......#
(#......#.....#......#
.+......#######......#
.+...##..[...........#


You could see Pikel.

Vanquished Creatures
  Sigmund (D:5)
  Eustachio (D:4)
  An ice beast (D:5)
  2 ogres (D:5)
  2 lemures (D:6)
  A phantom (D:5)
  A scorpion (D:4)
  A jelly (D:4)
  4 hounds
  3 sleepcaps
  An orc priest (D:5)
  Jessica (D:2)
  Terence (D:2)
  An iguana (D:5)
  An orc wizard (D:4)
  3 gnolls (D:5)
  2 adders
  2 white imps (D:5)
  4 dart slugs (D:1)
  4 ribbon worms
  19 orcs
  2 endoplasms
  A giant cockroach (D:1)
  3 goblins
  4 hobgoblins
  4 jackals (D:4)
  4 kobolds
  4 quokkas
  8 ball pythons
  4 bats
  4 frilled lizards
  11 rats
105 creatures vanquished.

Vanquished Creatures (others)
  341 foxfires
341 creatures vanquished.

Grand Total: 446 creatures vanquished

Notes
Turn   | Place    | Note
-------+----------+-------------------------------------------
     0 | D:1      | funkygono the Gargoyle Fire Elementalist began the quest
                  | for the Orb.
     0 | D:1      | Reached XP level 1. HP: 10/10 MP: 3/3
   280 | D:1      | Reached XP level 2. HP: 15/15 MP: 1/5
   283 | D:1      | Learned a level 2 spell: Scorch
   433 | D:1      | Found a faded altar of an unknown god.
   730 | D:1      | You fall into a shaft and drop 1 floor!
   879 | D:2      | Noticed Jessica
   886 | D:2      | Killed Jessica
   887 | D:2      | Reached XP level 3. HP: 19/19 MP: 0/6
  1462 | D:1      | Reached XP level 4. HP: 24/24 MP: 4/7
  1510 | D:1      | Learned a level 4 spell: Flame Wave
  2194 | D:2      | Noticed Terence
  2204 | D:2      | Killed Terence
  2999 | D:3      | Found a shimmering altar of Xom.
  3327 | D:4      | Reached XP level 5. HP: 28/28 MP: 6/10
  3350 | D:4      | Found an ancient bone altar of Kikubaaqudgha.
  3407 | D:4      | Found a glowing golden altar of the Shining One.
  3595 | D:4      | Noticed Eustachio
  3647 | D:4      | Killed Eustachio
  3648 | D:4      | Reached XP level 6. HP: 23/32 MP: 1/12
  4031 | D:4      | Reached XP level 7. HP: 36/36 MP: 10/14
  4118 | D:4      | Reached skill level 5 in Spellcasting
  4333 | D:5      | Entered Level 5 of the Dungeon
  4348 | D:5      | Found a runed translucent gate.
  4349 | D:5      | Found a runed translucent gate.
  4349 | D:5      | Noticed BlackSun's ghost (amateur HuAr)
  4350 | D:5      | Found a runed translucent gate.
  4405 | D:5      | Noticed Sigmund
  4413 | D:5      | Killed Sigmund
  4414 | D:5      | Reached skill level 5 in Fire Magic
  4504 | D:5      | Reached XP level 8. HP: 41/41 MP: 13/16
  4754 | D:5      | Found an iron altar of Okawaru.
  4790 | D:5      | Found a staircase to the Ecumenical Temple.
  4807 | Temple   | Entered the Ecumenical Temple
  4827 | Temple   | Became a worshipper of Vehumet
  5377 | D:6      | Noticed Pikel
  5403 | D:5      | Slain by Pikel

Illustrated notes

Levels and vault maps discovered:
D:1:      dpeg_arrival_ratfight, layout_basic,
          hellmonk_ecumenical_altar_leap_of_faith
D:2:      layout_basic, uniq_jessica, uniq_terence
D:3:      layout_basic, lemuel_round_altar, serial_aquarium,
          aquarium_bridge_long_separate [aquarium_subvault_bridge,
          aquarium_subvault_bridge, aquarium_subvault_bridge,
          aquarium_subvault_bridge, aquarium_subvault_bridge,
          aquarium_subvault_wall], aquarium_bridge_square
          [aquarium_subvault_window, aquarium_subvault_wall,
          aquarium_subvault_bridge, aquarium_subvault_bridge],
          aquarium_window_fake, aquarium_window_fake, aquarium_window_fake,
          aquarium_window_2, aquarium_view_2c, aquarium_balcony_1b,
          bh_walls_and_bars
D:4:      layout_loops_ring, marbit_many_paths, tso_metal_star,
          dreamdust_wishing_well, uniq_eustachio
D:5:      layout_gridville, okawaru_ov_weapons_minmay, minmay_temple_entry_mist,
          ebering_ghost_rock_garden, uniq_sigmund
D:6:      layout_gridville, uniq_pikel
Temple:   dshaligram_water_room_temple

Skill      XL: |  1  2  3  4  5  6  7  8 |
---------------+-------------------------+-----
Fire Magic     | 4 5 6 |  6.2
Spellcasting   | 3 4 5 6 |  6.8
Conjurations   | 2 3 |  3.6
Dodging        | 2 |  2.1
Fighting       | |  0.2
Maces & Flails | |  0.2
Stealth        | |  2.8
Shields        | |  0.1

Action                     |  1- 3 |  4- 6 |  7- 9 || total
---------------------------+-------+-------+-------++-------
  Melee: Whip              |       |     4 |    11 ||    15
         Mace              |       |       |     7 ||     7
   Cast: Foxfire           |    34 |    78 |    95 ||   207
         Scorch            |     8 |    26 |    29 ||    63
         Flame Wave        |       |       |     1 ||     1
    Use: Potion            |       |     1 |       ||     1
         Scroll            |       |       |     8 ||     8
 Armour: Robe              |     3 |     9 |    34 ||    46
  Dodge: Dodged            |     6 |    10 |    20 ||    36
  Block: Other             |       |     2 |       ||     2

Table legend: (Time is in decaauts)
 A = Elapsed time spent in this place.
 B = Non-inter-level travel time spent in this place.
 C = Inter-level travel time spent in this place.
 D = Time resting spent in this place.
 E = Time spent auto-exploring this place.
 F = Levels seen in this place.
 G = Mean time per level.
                   A        B        C        D        E       F      G
               +--------+--------+--------+--------+--------+-----+--------+
         Total |   5406 |   5236 |    170 |    175 |   4193 |   7 |  772.3 |
       Dungeon |   5366 |   5217 |    149 |    175 |   4193 |   6 |  894.3 |
        Temple |     40 |     20 |     20 |      0 |      0 |   1 |   40.0 |
               +--------+--------+--------+--------+--------+-----+--------+

Top non-repeatable levels by time:
     D:1: 1689 daAuts
     D:4: 1167 daAuts
     D:5: 929 daAuts
     D:2: 810 daAuts
     D:3: 665 daAuts
     D:6: 104 daAuts
  Temple: 40 daAuts
